[Event "44th Chess Olympiad Open 2022"]
[Site "Chennai"]
[Date "2022.08.02"]
[Round "5.39"]
[White "Esmeraldas Huachi, Anderson"]
[Black "Araoun, Saadi"]
[Result "1-0"]
[WhiteElo "2071"]
[BlackElo "2049"]
[Annotator "NA RC"]
[PlyCount "98"]
[EventDate "2022.??.??"]
[TimeControl "60"]

1. d4 Nf6 2. c4 g6 3. Nc3 Bg7 4. e4 d6 5. Be2 O-O 6. Be3 e5 7. d5 Na6 8. g4 Nc5 9. f3 h5 10. h3 a5 11. Qd2 Nh7 12. gxh5 Qh4+ 13. Bf2 Qxh5 14. f4 Qh6 15. fxe5 Qxd2+ 16. Kxd2 Bxe5 17. Bxc5 dxc5 18. Nf3 Bf4+ 19. Kc2 Re8 20. Rae1 Nf6 21. Bd3 Nh5 22. e5 Ng3 23. Rhg1 Bxh3 24. Ne4 Nh5 25. Neg5 Bxg5 26. Nxg5 Nf4 27. e6 Kg7 28. exf7 Rh8 29. Re7 Kf6 30. Rxc7 Nxd3 31. Kxd3 Bf5+ 32. Kc3 Rh2 33. f8=Q+ Rxf8 34. Nh7+ Rxh7 35. Rxh7 Rb8 36. Rc7 b6 37. Re1 Kg5 38. Kb3 b5 39. Rxc5 bxc4+ 40. Kc3 a4 41. Rxc4 Ra8 42. d6 Kf6 43. b4 Be6 44. Rd4 a3 45. b5 Bd7 46. Kb4 Rb8 47. Rd5 Be6 48. d7 Rd8 49. Rd6 Kf5 1-0

[Event "44th Chess Olympiad Open 2022"]
[Site "Chennai"]
[Date "2022.08.02"]
[Round "5.40"]
[White "Gourlay, Iain"]
[Black "Tagelsir, Abubaker"]
[Result "1-0"]
[WhiteElo "2321"]
[BlackElo "2232"]
[Annotator "RC"]
[PlyCount "89"]
[EventDate "2022.??.??"]
[TimeControl "60"]

1. d4 Nf6 2. Nf3 g6 3. g3 c5 4. dxc5 Na6 5. Be3 Bg7 6. Bg2 O-O 7. O-O Ne4 8. Bd4 Nexc5 9. Bxg7 Kxg7 10. c4 d6 11. Nc3 Rb8 12. Nd4 Nc7 13. b4 N5e6 14. Rc1 Kg8 15. Qd2 a5 16. a3 axb4 17. axb4 Na6 18. Nc2 Ng7 19. Rfd1 Bf5 20. Nd5 Nc7 21. Nde3 Be6 22. Nd4 Na6 23. c5 dxc5 24. bxc5 Bd7 25. Qa2 Ne6 26. Nxe6 Bxe6 27. Qa3 Qe8 28. c6 Nc7 29. cxb7 Nb5 30. Qb4 Nd6 31. Rc7 Qd8 32. Qc5 Qe8 33. Bc6 Qd8 34. Nd5 Bxd5 35. Bxd5 Qe8 36. Bc6 Qd8 37. Rd7 Qe8 38. Qc2 Nxb7 39. Rxb7 Qc8 40. Rxe7 Rb6 41. Be4 Qa6 42. Rdd7 Rf6 43. Bd5 Qa5 44. e3 Rf5 45. Qa2 1-0

[Event "44th Chess Olympiad Open 2022"]
[Site "Chennai"]
[Date "2022.08.02"]
[Round "5.40"]
[White "Tate, Alan"]
[Black "Hamid Mohammed"]
[Result "1-0"]
[WhiteElo "2313"]
[BlackElo "2116"]
[Annotator "RC"]
[PlyCount "71"]
[EventDate "2022.??.??"]
[TimeControl "60"]

1. e4 c5 2. Nf3 g6 3. c4 Bg7 4. d4 cxd4 5. Nxd4 Nc6 6. Be3 Nf6 7. Nc3 Ng4 8.
Qxg4 Nxd4 9. Qd1 e5 10. Bd3 O-O 11. O-O d6 12. Qd2 Be6 13.
Rad1 Rc8 14. b3 a6 15. Bxd4 exd4 16. Ne2 Rc5 17. Bb1 Rh5 18. Nxd4 Bg4 19. f3 Qh4 20. fxg4 Qxh2+ 21. Kf2 Rh3 22. Ne2 Be5 23. Rh1 Bg3+ 24. Nxg3 Qxg3+ 25. Kg1 Rxh1+ 26. Kxh1 Qxg4 27. Qd4 d5 28. Qxd5 Re8 29. Qd6 Re6 30. Kg1 Kg7 31. Qd4+ Kg8 32. c5 h5 33. Qd8+ Kg7 34. Rf1 h4 35. Qd7 h3 36. Rxf7+ 1-0

[Event "44th Chess Olympiad Open 2022"]
[Site "Chennai"]
[Date "2022.08.02"]
[Round "5.40"]
[White "Hassan, Tarek Ahmed"]
[Black "Waldhausen Gordon, Frederick"]
[Result "0-1"]
[WhiteElo "2209"]
[BlackElo "2028"]
[Annotator "NA RC"]
[PlyCount "93"]
[EventDate "2022.??.??"]
[TimeControl "60"]

1. e4 c5 2. Nf3 g6 3. c3 d5 4. e5 Nc6 5. Bb5 Bg4 6. O-O Bg7 7. d4 e6 8.
Bxc6+ bxc6 9. Nbd2 Ne7 10. h3 Bxf3 11. Nxf3 cxd4 12. cxd4 O-O 13. Bg5 h6 14. Bxe7 Qxe7 15. Qa4 c5 16. Qa3 Rfc8 17. Rfc1 Bf8 18. dxc5 Rxc5 19. Rxc5 Qxc5 20. Qxc5 Bxc5 21.
Rc1 Bb6 22. Kf1 Kf8 23. Ke2 Ke8 24. Rc2 Kd7 25. Ne1 a5 26.
Nd3 a4 27. f4 Rb8 28. Kd2 Bd4 29. Ke2 Rb7 30. Kf3 Ke7 31. g4 f6 32. exf6+ Kxf6 33. Rc6 Rb6 34. Rxb6 Bxb6 35. b3 axb3 36. axb3 g5 37. b4 Bd8 38. Nc5 gxf4 39. Kxf4 e5+ 40. Kf3 Be7 41. Na6 e4+ 42. Ke2 Ke5 43. b5 d4 44. b6 d3+ 45. Kd1 e3 46. b7 e2+ 47. Kd2 0-1

[Event "44th Chess Olympiad Open 2022"]
[Site "Chennai"]
[Date "2022.08.02"]
[Round "5.40"]
[White "Abdelazeez, Mohamed Abdalla"]
[Black "Olson, Hamish"]
[Result "1/2-1/2"]
[WhiteElo "2182"]
[BlackElo "2343"]
[Annotator "RC"]
[PlyCount "91"]
[EventDate "2022.??.??"]
[TimeControl "60"]

1. e4 e5 2. Nf3 Nc6 3. d4 exd4 4. Bc4 Nf6 5. e5 d5 6. Bb5 Ne4 7. Nxd4 Bd7 8. Bxc6 bxc6 9. O-O Bc5 10. f3 Ng5 11. Be3 Bb6 12. f4 Ne4 13.
Nd2 Nxd2 14. Qxd2 c5 15. Nb3 d4 16. Bf2 Bc6 17. f5 Qd5 18.
Qg5 h6 19. Qg3 O-O-O 20. a4 a5 21. Nd2 g6 22. f6 h5 23. h4 Qe6 24. Rfe1 Rhe8 25. Nf3 Bxf3 26. Qxf3 Qd5 27. Qf4 Re6 28. b3 c4 29. Rab1 cxb3 30. Rxb3 Rde8 31. Rb5 Qc4 32. Qe4 Rc6 33. Re2 Ree6 34. Rd5 Qxa4 35. Bxd4 Rc4 36. Rd2 c6 37. Rd7 Kxd7 38. Bxb6+ Kc8 39. Qd3 Kb7 40. Bf2 Ka6 41. Qd8 Qb4 42. c3 Rxc3 43. Rd4 Qb1+ 44. Kh2 c5 45. Qa8+ Kb5 46. Qb8+ 1/2-1/2

[Event "44th Chess Olympiad Open 2022"]
[Site "Chennai"]
[Date "2022.08.02"]
[Round "5.41"]
[White "Cawdery, Daniel"]
[Black "Isaakidis, Alexandros"]
[Result "0-1"]
[WhiteElo "2417"]
[BlackElo "2165"]
[Annotator "RC"]
[PlyCount "80"]
[EventDate "2022.??.??"]
[TimeControl "60"]

1. e4 c6 2. d4 d5 3. e5 Bf5 4. h4 a6 5. g4 Bd7 6. Nc3 c5 7. dxc5 e6 8. Be3 Qc7 9. Nf3 Bxc5 10. Qd2 Ne7 11. O-O-O Bxe3 12. Qxe3 Nbc6 13. h5 Rc8 14. h6 g6 15. Qf4 f6 16. Qd2 fxe5 17. Ng5 O-O 18. Bd3 b5 19. Kb1 b4 20.
Ne2 Rxf2 21. Rdf1 Rcf8 22. Qe1 Qb6 23. Ng3 Qd4 24. Rfg1 e4 25.
Bxe4 dxe4 26. N3xe4 R2f4 27. Qe2 Nd5 28. Rd1 Qb6 29. Ka1 b3 30.
cxb3 Nd4 31. Qd2 e5 32. Rhe1 Bxg4 33. Rc1 Nb4 34. Nc5 Rf2 35. Qc3 Nbc2+ 36. Kb1 Nxe1 37. Qc4+ Kh8 38. Nce4 Rf1 39. Qd5 Qc7 40. Nf7+ R8xf7 0-1

[Event "44th Chess Olympiad Open 2022"]
[Site "Chennai"]
[Date "2022.08.02"]
[Round "5.41"]
[White "Kobese, Watu"]
[Black "Antoniou, Rafail"]
[Result "1-0"]
[WhiteElo "2311"]
[BlackElo "1817"]
[Annotator "RC"]
[PlyCount "63"]
[EventDate "2022.??.??"]
[TimeControl "60"]

1. e4 c5 2. Nf3 e6 3. d4 cxd4 4. Nxd4 Nf6 5. Nc3 Nc6 6. a3 d5 7. Bb5 Bd7 8. exd5 Nxd5 9. Nxd5 exd5 10. O-O Be7 11. Ne2 Bf5 12. Ng3 Bg6 13. Kh1 O-O 14. f4 Be4 15. Nxe4 dxe4 16. Be3 Qa5 17. Qe2 Bf6 18. c3 a6 19. Bc4 Rfe8 20. g4 Be7 21. Qf2 Bf8 22. Rad1 Qa4 23.
Qe2 Rad8 24. b3 Qa5 25. Bxf7+ Kxf7 26. Qc4+ Ke7 27. Qxe4+ Ne5 28. fxe5 Rxd1 29. Bg5+ Kd7 30. Qxb7+ Ke6 31.
Qf7+ Kxe5 32. Qxe8+ 1-0

[Event "44th Chess Olympiad Open 2022"]
[Site "Chennai"]
[Date "2022.08.02"]
[Round "5.41"]
[White "Michaelides, Konstantinos"]
[Black "Solomon, Kenny"]
[Result "1/2-1/2"]
[WhiteElo "2300"]
[BlackElo "2355"]
[Annotator "RC"]
[PlyCount "167"]
[EventDate "2022.??.??"]
[TimeControl "60"]

1. d4 Nf6 2. Nf3 d5 3. c4 e6 4. g3 Bb4+ 5. Bd2 Be7 6. Bg2 O-O 7. O-O Nbd7 8. Qc2 c6 9. Bg5 h6 10. Bxf6 Nxf6 11. Nbd2 b6 12. e4 Bb7 13. e5 Nd7 14. cxd5 cxd5 15. Rfc1 Rc8 16. Qd1 Nb8 17. Bf1 Nc6 18. Nb1 f6 19. Bb5 f5 20. Nc3 a6 21. Bd3 g5 22. Ne2 Qe8 23.
Ne1 Qh5 24. f4 gxf4 25. Nxf4 Qxd1 26. Rxd1 Nxd4 27. Ng6 Bc5 28. Nxf8 Rxf8 29. Kg2 Nc6 30. Nf3 Be3 31. Kf1 h5 32. Ke2 Bh6 33. Rg1 Bg7 34. Kd2 Bh6+ 35. Ke2 Kf7 36. h3 Rg8 37. Raf1 Ke7 38. Nh4 Bg5 39. Nf3 Bh6 40. Nh4 Nxe5 41. Rxf5 exf5 42. Nxf5+ Ke6 43. Nxh6 Rf8 44. g4 hxg4 45. hxg4 Nxd3 46. Kxd3 Rf3+ 47. Ke2 d4 48. g5 d3+ 49. Ke1 Rh3 50. g6 Rh2 51. Rg3 Be4 52. g7 Bh7 53.
g8=Q+ Bxg8 54. Nxg8 Rxb2 55. Rxd3 Rxa2 56. Nh6 Rg2 57. Rb3 b5 58. Ra3 Kd5 59. Nf5 Rg5 60. Ne3+ Ke4 61. Nc2 Rg1+ 62. Kd2 Rg2+ 63. Kc1 Rg1+ 64. Kb2 Rg6 65. Rh3 Kd5 66. Nb4+ Kc5 67. Nd3+ Kb6 68. Kb3 Rd6 69. Ne5 Re6 70. Re3 Rd6 71. Rc3 Rd5 72. Rc6+ Kb7 73. Re6 a5 74. Nc6 Rd3+ 75. Kc2 Ra3 76. Nd4 b4 77. Kb2 Rh3 78. Rg6 a4 79. Rg2 Kb6 80. Nc2 a3+ 81. Ka2 b3+ 82. Kxa3 bxc2+ 83. Kb2 c1=Q+ 84. Kxc1 1/2-1/2

[Event "44th Chess Olympiad Open 2022"]
[Site "Chennai"]
[Date "2022.08.02"]
[Round "5.41"]
[White "Damianou, Ioannis"]
[Black "Mhango, Banele"]
[Result "0-1"]
[WhiteElo "2153"]
[BlackElo "2238"]
[Annotator "NA RC"]
[PlyCount "68"]
[EventDate "2022.??.??"]
[TimeControl "60"]

1. c4 c5 2. g3 Nc6 3. Bg2 g6 4. Nc3 Bg7 5. e4 d6 6. Nge2 e6 7. d3 Nge7 8. O-O O-O 9. Rb1 b6 10. Be3 Nd4 11. b4 Bb7 12. Qd2 Re8 13. Bh6 Bh8 14. a3 Nec6 15. h3 Qd7 16. g4 Nxe2+ 17. Nxe2 Nd4 18. Nc3 cxb4 19. Rxb4 Rac8 20. Kh1 Rc5 21. f4 f5 22. gxf5 exf5 23. Rbb1 fxe4 24. dxe4 Rh5 25. f5 Nxf5 26. Bf4 Nh4 27. Nd5 Nxg2 28. Qxg2 Rxh3+ 29. Kg1 Bd4+ 30. Rf2 Bxd5 31. cxd5 Bxf2+ 32. Kxf2 Rf8 33. Qg5 Rh5 34. Qg4 Qxg4 0-1

[Event "44th Chess Olympiad Open 2022"]
[Site "Chennai"]
[Date "2022.08.02"]
[Round "5.42"]
[White "Tologontegin, Semetey"]
[Black "Othman, A. Moussa"]
[Result "1/2-1/2"]
[WhiteElo "2378"]
[BlackElo "2229"]
[Annotator "RC"]
[PlyCount "122"]
[EventDate "2022.??.??"]
[TimeControl "60"]

1. d4 Nf6 2. Nc3 d6 3. Bf4 a6 4. e4 g6 5. Be2 Bg7 6. Qd2 b5 7. Bf3 Bb7 8. O-O-O b4 9. Nd5 Bxd5 10. exd5 a5 11. Bh6 Bxh6 12. Qxh6 b3 13.
axb3 a4 14. bxa4 Rxa4 15. Ne2 Nbd7 16. Nc3 Rb4 17. b3 Qa8 18. Kb2 Qb7 19. Rhe1 Qb6 20. g4 Kd8 21. Qe3 Ng8 22. Na2 Ra4 23. c3 h6 24. Ra1 Ke8 25. h4 Kf8 26. g5 hxg5 27. hxg5 Kg7 28. Rh1 Rxh1 29. Rxh1 Ra8 30. Nb4 Qa5 31. Qf4 Qa3+ 32. Kc2 Rb8 33.
Be4 Rxb4 34. cxb4 Qxb4 35. Qd2 Qa3 36. Qc3 Qa2+ 37. Qb2 Qa6 38.
Kd2 Nb6 39. Qc3 Qb5 40. Qh3 Nxd5 41. Qh8+ Kf8 42. Bxd5 Qxd5 43. Kc3 Qxg5 44. Ra1 Qd5 45. Kb2 Qf3 46. Ra5 e6 47. Ka3 Qb7 48. f4 Qb8 49. Ra4 Qb7 50. Rc4 Qa8+ 51. Kb2 Qd8 52. Rc2 Ke7 53. d5 Nf6 54. Qh4 exd5 55. f5 gxf5 56. Qg5 Qh8 57. Rxc7+ Ke6 58. Ka3 Qa8+ 59. Kb2 Qh8 60. Ka3 Qa8+ 61. Kb2 Qh8 1/2-1/2

[Event "44th Chess Olympiad Open 2022"]
[Site "Chennai"]
[Date "2022.08.02"]
[Round "5.42"]
[White "Abdyjapar, Asyl"]
[Black "Sultan, Ibrahim"]
[Result "1-0"]
[WhiteElo "2306"]
[BlackElo "2108"]
[Annotator "RC"]
[PlyCount "61"]
[EventDate "2022.??.??"]
[TimeControl "60"]

1. e4 e5 2. Nf3 Nc6 3. Bb5 a6 4. Ba4 Nf6 5. O-O Be7 6. Re1 b5 7. Bb3 d6 8. c3 O-O 9. h3 Na5 10. Bc2 c5 11. d4 Qc7 12. Nbd2 cxd4 13. cxd4 Bd7 14. Nf1 Nc6 15. Ne3 Nb4 16. Bb1 a5 17. a3 Na6 18. b3 Rfe8 19. Bb2 exd4 20. Nxd4 g6 21. Qf3 Nc5 22. Bc2 Qd8 23. Rad1 Ne6 24. Nxe6 fxe6 25. e5 dxe5 26. Bxe5 Rf8 27. Ng4 Nxg4 28. Qxg4 Rf5 29. Bxf5 exf5 30. Qf3 Qc8 31. Rxd7 1-0

[Event "44th Chess Olympiad Open 2022"]
[Site "Chennai"]
[Date "2022.08.02"]
[Round "5.42"]
[White "Al Hosani, Omran"]
[Black "Markov, Mikhail"]
[Result "0-1"]
[WhiteElo "2215"]
[BlackElo "2333"]
[Annotator "RC"]
[PlyCount "88"]
[EventDate "2022.??.??"]
[TimeControl "60"]

1. d4 d5 2. c4 c6 3. Nc3 dxc4 4. a4 Nf6 5. e3 Bg4 6. Nf3 e5 7. dxe5 Qxd1+ 8. Nxd1 Nfd7 9. Bxc4 Bb4+ 10. Bd2 Bxd2+ 11. Kxd2 Ke7 12. Nc3 Rd8 13. Kc2 Bxf3 14. gxf3 Nxe5 15. Be2 Na6 16. f4 Nd3 17. Bxd3 Nb4+ 18. Kd2 Nxd3 19. Ke2 Rd7 20. Rab1 a5 21. Rhg1 g6 22. Rgd1 Rad8 23. Na2 h6 24. b3 Nxf2 25. Rxd7+ Rxd7 26. b4 Ne4 27. Rb2 axb4 28. Rxb4 f5 29. Rb2 g5 30. Rc2 g4 31. Nb4 h5 32. a5 c5 33. Nd3 h4 34. Ne5 Rc7 35. Kd3 Ke6 36. Rb2 h3 37. Rb6+ Kd5 38. Rh6 c4+ 39. Kc2 Nf2 40. Rf6 g3 41. Rxf5 Ke4 42. Rh5 gxh2 43. Ng4 Nxg4 44. Rxh3 Rc6 0-1

[Event "44th Chess Olympiad Open 2022"]
[Site "Chennai"]
[Date "2022.08.02"]
[Round "5.42"]
[White "Mohamed Saeed Laily"]
[Black "Zhakshylykov, Erzhan"]
[Result "0-1"]
[WhiteElo "2030"]
[BlackElo "2332"]
[Annotator "RC"]
[PlyCount "78"]
[EventDate "2022.??.??"]
[TimeControl "60"]

1. d4 Nf6 2. c4 e6 3. Nf3 d5 4. g3 Be7 5. Bg2 O-O 6. Qc2 Nc6 7. O-O Nb4 8.
Qb3 dxc4 9. Qxc4 b5 10. Qb3 Rb8 11. Nc3 Bb7 12. Bg5 a5 13.
a3 a4 14. Qd1 Nbd5 15. Qc2 Nxc3 16. bxc3 Be4 17. Qc1 Qd5 18. Ne1 Bxg2 19. Nxg2 c5 20. Bf4 Rb7 21. Rd1 Rc8 22. Qb2 Qb3 23. Qxb3 axb3 24. dxc5 Ne4 25. Rdb1 Nxc3 26. Rxb3 Nxe2+ 27. Kf1 Nxf4 28.
Nxf4 Rxc5 29. Rab1 g5 30. Ne2 Rc2 31. Rxb5 Rd7 32. Rb7 Rdd2 33. Rxe7 Rxe2 34. Rb8+ Kg7 35. Rbb7 Rxf2+ 36. Ke1 Kg6 37. Rec7 Rce2+ 38. Kd1 Ra2 39. Ke1 Rxh2 0-1

[Event "44th Chess Olympiad Open 2022"]
[Site "Chennai"]
[Date "2022.08.02"]
[Round "5.43"]
[White "Zambrana, Osvaldo"]
[Black "Thing, Bibek"]
[Result "1-0"]
[WhiteElo "2417"]
[BlackElo "2260"]
[Annotator "RC"]
[PlyCount "51"]
[EventDate "2022.??.??"]
[TimeControl "60"]

1. e4 c5 2. Nf3 d6 3. d4 cxd4 4. Nxd4 Nf6 5. Nc3 a6 6. Bg5 e6 7. f4 Be7 8. Qe2 Nc6 9. O-O-O Nxd4 10. Rxd4 Qa5 11. Kb1 h6 12. Bh4 g5 13. Be1 Qb6 14. Bf2 Qa5 15. g3 e5 16. Rd5 Qc7 17. Rd2 Bd7 18.
Bg2 Rc8 19. Re1 Qc4 20. Qd1 Qb4 21. a3 Qa5 22. Nd5 Nxd5 23.
exd5 f6 24. Qh5+ Kd8 25. Rd3 Qa4 26. Bb6+ 1-0

[Event "44th Chess Olympiad Open 2022"]
[Site "Chennai"]
[Date "2022.08.02"]
[Round "5.43"]
[White "Bolanos, Fernando"]
[Black "Jaiswal, Rupesh"]
[Result "1-0"]
[WhiteElo "2258"]
[BlackElo "2083"]
[Annotator "NA RC"]
[PlyCount "53"]
[EventDate "2022.??.??"]
[TimeControl "60"]

1. e4 c5 2. Nf3 d6 3. d4 cxd4 4. Nxd4 Nf6 5. Nc3 a6 6. Be3 e5 7. Nb3 Be7 8. Be2 Nc6 9. g4 Be6 10. g5 Nd7 11. Rg1 Nb6 12. Nd5 Na4 13.
Qd2 O-O 14. O-O-O Bxd5 15. exd5 Nb8 16. h4 Nd7 17. h5 g6 18.
Rh1 Re8 19. hxg6 fxg6 20. Qb4 b5 21. Qh4 Nf8 22. Bg4 Qc7 23.
Nd4 Bxg5 24. Qxg5 exd4 25. Bxd4 Nc5 26. Qf6 Re7 27. Bxc5 1-0

[Event "44th Chess Olympiad Open 2022"]
[Site "Chennai"]
[Date "2022.08.02"]
[Round "5.43"]
[White "Lama, Milan"]
[Black "Pinto, Daniel"]
[Result "1/2-1/2"]
[WhiteElo "2024"]
[BlackElo "2249"]
[Annotator "NA RC"]
[PlyCount "73"]
[EventDate "2022.??.??"]
[TimeControl "60"]

1. e4 e5 2. Nf3 Nc6 3. Bb5 a6 4. Bxc6 dxc6 5. O-O f6 6. d4 exd4 7. Nxd4 c5 8. Nb3 Qxd1 9. Rxd1 Bd7 10. Nc3 Bd6 11. Na5 O-O-O 12. Nc4 Be7 13. Bf4 Be6 14. Nd5 Bxd5 15. exd5 g5 16. Bg3 b5 17. Na5 f5 18. Be5 Bf6 19. Nc6 Bxe5 20. Nxe5 Nh6 21. a4 b4 22. c4 bxc3 23.
bxc3 Rde8 24. Re1 f4 25. Nd3 c4 26. Nb2 Rxe1+ 27. Rxe1 Rd8 28. Rd1 Re8 29. Kf1 Ng4 30. h3 Ne5 31. Re1 Kd7 32. Re4 Kd6 33.
Nxc4+ Kxd5 34. Rd4+ Kc6 35. Re4 Kd5 36. Rd4+ Kc6 37. Re4 1/2-1/2

[Event "44th Chess Olympiad Open 2022"]
[Site "Chennai"]
[Date "2022.08.02"]
[Round "5.43"]
[White "Chaulagain, Purushottam"]
[Black "Gemy, Jose Daniel"]
[Result "0-1"]
[WhiteElo "1975"]
[BlackElo "2373"]
[Annotator "RC"]
[PlyCount "160"]
[EventDate "2022.??.??"]
[TimeControl "60"]

1. d4 Nf6 2. Nc3 d5 3. Bf4 e6 4. e3 Bd6 5. Qf3 a6 6. Bd3 Nc6 7. Bxd6 Qxd6 8. Qg3 e5 9. dxe5 Nxe5 10. O-O-O Nxd3+ 11. Rxd3 Qxg3 12. hxg3 Bf5 13. Rd4 O-O-O 14. Nf3 Rhe8 15. Rhd1 c6 16. Rf4 Bg4 17. Rd2 Kc7 18. Nh2 Bc8 19. Nf3 Re7 20. Nd4 Re5 21. Nde2 Rde8 22. Ng1 R5e7 23. Nf3 Ng4 24. a4 a5 25. b4 axb4 26. Rxb4 Bd7 27. Nd4 Nf6 28. Nb3 b6 29. a5 b5 30. Kb2 Bf5 31. Rd1 Be4 32. Rg1 Kd6 33.
g4 h6 34. Nd2 Bh7 35. Rd1 Ra8 36. e4 Rxa5 37. exd5 cxd5 38. Nb3 Ra8 39. Nxb5+ Kd7 40. Rd2 Ke8 41. Nd6+ Kf8 42. f3 Rea7 43. Rb7 Ra2+ 44. Kb1 Bg6 45. Nf5 Bxf5 46. gxf5 h5 47. Re2 R2a7 48. Rxa7 Rxa7 49. c3 Kg8 50. Re5 Kh7 51. Nd4 Kh6 52. g3 Kg5 53. Ne2 Ra4 54. Ng1 h4 55.
Nh3+ Kh5 56. g4+ Nxg4 57. fxg4+ Kxg4 58. Nf2+ Kf3 59. Nd3 h3 60. Ne1+ Kg4 61. f6 g6 62. Nd3 h2 63. Re1 Kg3 64. Re3+ Kh4 65.
Re1 Rg4 66. Ne5 Re4 67. Nf3+ Kg3 68. Rf1 Re3 69. Ng5 Kg2 70. Rd1 h1=Q 71. Rxh1 Kxh1 72. Kc2 Kg2 73. Kd2 Rf3 74. Nxf7 Rxf6 75. Ne5 g5 76. Kd3 Rf4 77. Nd7 g4 78. Nb6 Kf2 79. Nxd5 Rf3+ 80. Ke4 g3 0-1

[Event "44th Chess Olympiad Open 2022"]
[Site "Chennai"]
[Date "2022.08.02"]
[Round "5.44"]
[White "Saraci, Korab"]
[Black "Smith, Shreyas"]
[Result "0-1"]
[WhiteElo "2287"]
[BlackElo "2147"]
[Annotator "NA RC"]
[PlyCount "56"]
[EventDate "2022.??.??"]
[TimeControl "60"]

1. e4 c5 2. c3 e5 3. Nf3 Nc6 4. Bc4 Nf6 5. d3 Be7 6. O-O O-O 7. Re1 d5 8. exd5 Nxd5 9. Nbd2 Bg4 10. Qa4 Nf4 11. g3 Nh3+ 12. Kg2 Bd7 13.
Qc2 Qb8 14. Ne4 Kh8 15. Neg5 Nxg5 16. Nxg5 Bxg5 17. Bxg5 f5 18. Be3 Qd6 19. f4 g5 20. Qf2 b6 21. fxe5 Nxe5 22. Bxg5 Qc6+ 23. Kf1 f4 24. Bxf4 Bh3+ 25. Ke2 Nxc4 26. dxc4 Rad8 27. Rf1 Bg4+ 28. Ke1 Qe4+ 0-1

[Event "44th Chess Olympiad Open 2022"]
[Site "Chennai"]
[Date "2022.08.02"]
[Round "5.44"]
[White "Christie, Joshua"]
[Black "Saraci, Nderim"]
[Result "0-1"]
[WhiteElo "2272"]
[BlackElo "2495"]
[Annotator "RC"]
[PlyCount "118"]
[EventDate "2022.??.??"]
[TimeControl "60"]

1. d4 Nf6 2. c4 e6 3. g3 c5 4. d5 exd5 5. cxd5 d6 6. Nc3 g6 7. Bg2 Bg7 8. Nf3 O-O 9. Nd2 Nbd7 10. O-O Re8 11. e4 a6 12. Nc4 Nb6 13. Ne3 Nbd7 14. Nc4 Ne5 15.
Nxe5 Rxe5 16. a4 Re8 17. h3 Nd7 18. f4 f5 19. Re1 fxe4 20.
Nxe4 Nf8 21. g4 h5 22. gxh5 Bf5 23. Qf3 Qh4 24. Bd2 Bxe4 25. Rxe4 Qxh5 26. Qxh5 gxh5 27. Bc3 Rxe4 28. Bxe4 Re8 29. Re1 Bxc3 30. bxc3 Ng6 31. f5 Nf4 32. h4 b5 33. axb5 axb5 34. Kf2 Kf8 35. Re3 Re5 36. Kf3 Nxd5 37. Rd3 Nf6 38. Bc6 Rxf5+ 39. Kg2 Ke7 40. Bxb5 Rf4 41. Kg3 Rg4+ 42. Kh3 d5 43. Rf3 Rg1 44. Re3+ Kd6 45. Be2 Rh1+ 46. Kg3 Ne4+ 47. Kf4 Rxh4+ 48. Kf5 Rh2 49. Bf3 Rf2 50. Kg6 h4 51. Bxe4 dxe4 52. Rxe4 h3 53. c4 h2 54. Rh4 Ke5 55. Kg5 Rg2+ 56. Kh6 Kf5 57.
Rh5+ Kf4 58. Rh4+ Kf3 59. Rh5 Kf2 0-1

[Event "44th Chess Olympiad Open 2022"]
[Site "Chennai"]
[Date "2022.08.02"]
[Round "5.44"]
[White "Asllani, Muhamet"]
[Black "McDonald, Jhustice-Dimonte"]
[Result "1-0"]
[WhiteElo "2235"]
[BlackElo "1884"]
[Annotator "NA RC"]
[PlyCount "103"]
[EventDate "2022.??.??"]
[TimeControl "60"]

1. e4 c5 2. Nf3 e6 3. c3 Nc6 4. d4 d5 5. e5 cxd4 6. cxd4 Bb4+ 7. Nc3 Nge7 8.
Bd3 a5 9. O-O Bxc3 10. bxc3 b6 11. Qe2 Ng6 12. g3 f6 13. exf6 Qxf6 14. Rb1 O-O 15. Ng5 h6 16. Rxb6 Bd7 17. Qh5 Be8 18. Rxc6 Nf4 19. Qd1 hxg5 20. Rb6 Bh5 21. f3 Nxd3 22. Qxd3 Bxf3 23. Bxg5 Qxg5 24. Rxf3 Rxf3 25. Qxf3 Qc1+ 26. Kg2 Qc2+ 27. Qf2 Qe4+ 28. Kg1 Rf8 29. Qd2 Rf3 30. Rb8+ Kh7 31. Rb2 Re3 32. Qc2 Kg6 33. Qxe4+ dxe4 34. Rc2 Rd3 35. c4 Kf7 36. c5 Rxd4 37. c6 Rd8 38. c7 Rc8 39. Kf2 Ke7 40.
Ke3 Kd7 41. Kxe4 Rxc7 42. Rxc7+ Kxc7 43. Ke5 Kd7 44. a4 Ke7 45. h4 Kf7 46. h5 Ke7 47. g4 Kd7 48. g5 Ke7 49. g6 Kf8 50.
Kxe6 Kg8 51. Ke7 Kh8 52. Kd6 1-0

[Event "44th Chess Olympiad Open 2022"]
[Site "Chennai"]
[Date "2022.08.02"]
[Round "5.44"]
[White "Shaw, Jaden"]
[Black "Makolli, Perparim"]
[Result "1-0"]
[WhiteElo "1930"]
[BlackElo "2247"]
[Annotator "NA RC"]
[PlyCount "93"]
[EventDate "2022.??.??"]
[TimeControl "60"]

1. e4 c5 2. Nf3 d6 3. Bb5+ Nd7 4. O-O a6 5. Bxd7+ Bxd7 6. Qe2 e5 7. Rd1 Nf6 8. c3 Bc6 9. d4 Qc7 10. d5 Bd7 11. a4 g6 12. Nbd2 Bg7 13.
Nc4 O-O 14. a5 Bb5 15. Bg5 Nh5 16. Nfd2 f5 17. f3 f4 18. Bh4 h6 19. Bf2 Nf6 20. Qe1 Nd7 21. Rdc1 Bxc4 22. Nxc4 Rac8 23. b4 g5 24. Rab1 h5 25. Kh1 Bf6 26. Qg1 Qb8 27. bxc5 Nxc5 28. Nb6 Nd3 29. Nxc8 Qxc8 30. Rc2 Bd8 31. Qf1 Nxf2+ 32. Qxf2 Bxa5 33. Qa7 Rf7 34. Qf2 Rc7 35. g3 Rf7 36. c4 g4 37. c5 fxg3 38. Qxg3 Rxf3 39. Qh4 Bd8 40. Qxh5 Bf6 41. c6 b5 42. c7 Bg7 43. Rg1 Rf8 44. Qxg4 Qxg4 45. Rxg4 Rc8 46. Rg6 b4 47. Rxd6 1-0

[Event "44th Chess Olympiad Open 2022"]
[Site "Chennai"]
[Date "2022.08.02"]
[Round "5.45"]
[White "Rohl Montes, Juan Armando"]
[Black "Rehan, Deng Cypriano"]
[Result "1-0"]
[WhiteElo "2382"]
[BlackElo "2105"]
[Annotator "RC"]
[PlyCount "59"]
[EventDate "2022.??.??"]
[TimeControl "60"]

1. e4 e6 2. d4 d5 3. Nd2 Nd7 4. Ngf3 dxe4 5. Nxe4 Ngf6 6. Bd3 Nxe4 7. Bxe4 h6 8. O-O Nf6 9. Bd3 Bd6 10. Re1 O-O 11. Ne5 c5 12. dxc5 Bxc5 13.
Qf3 Qe7 14. Qg3 Kh8 15. Qh4 Nh7 16. Qh5 Kg8 17. Ng4 f5 18.
Qg6 fxg4 19. Qxh7+ Kf7 20. Bg6+ Kf6 21. Bf4 Rh8 22. Be5+ Kg5 23. Qxh8 Kxg6 24. Re4 h5 25. Bc3 Bd7 26. Qxa8 Bc6 27. Re5 Bxf2+ 28. Kxf2 Qh4+ 29. Kg1 Bxg2 30. Qe8+ 1-0

[Event "44th Chess Olympiad Open 2022"]
[Site "Chennai"]
[Date "2022.08.02"]
[Round "5.45"]
[White "Castro Torres, Jose Luis"]
[Black "Peter Majur Manyang"]
[Result "1-0"]
[WhiteElo "2326"]
[BlackElo "2095"]
[Annotator "RC"]
[PlyCount "83"]
[EventDate "2022.??.??"]
[TimeControl "60"]

1. e4 c6 2. d4 d5 3. Nc3 dxe4 4. Nxe4 Nf6 5. Nxf6+ exf6 6. c3 Bd6 7. Bd3 O-O 8. Qc2 Re8+ 9. Ne2 h6 10. Be3 b5 11. O-O-O Be6 12. Kb1 Qa5 13. Nc1 Na6 14. Qd2 Bf8 15. h4 Nc7 16. g4 b4 17. c4 Bxg4 18.
Rdg1 h5 19. Nb3 Qa6 20. Rg3 Qc8 21. Rhg1 Kh8 22. Qc2 Bd6 23. R3g2 g6 24. Bxg6 fxg6 25. Rxg4 hxg4 26. Qxg6 Bf8 27. Rxg4 Qxg4 28. Qxg4 Rad8 29. Qh5+ Kg8 30. Qg6+ Kh8 31. h5 Be7 32. Nd2 Ne6 33. Qh6+ Kg8 34. Qg6+ Kh8 35. Ne4 Nf8 36. Qf7 Nh7 37. h6 Rg8 38. Qxe7 Rde8 39. Qc7 Rxe4 40. Qxc6 f5 41. d5 Nf8 42. Qf6+ 1-0

[Event "44th Chess Olympiad Open 2022"]
[Site "Chennai"]
[Date "2022.08.02"]
[Round "5.45"]
[White "Gong Thon Gong"]
[Black "Palomo, Franklin Annervys"]
[Result "1-0"]
[WhiteElo "2176"]
[BlackElo "2324"]
[Annotator "RC"]
[PlyCount "81"]
[EventDate "2022.??.??"]
[TimeControl "60"]

1. e4 c5 2. Nf3 e6 3. d4 cxd4 4. Nxd4 Nf6 5. Nc3 d6 6. f4 Be7 7. Be3 Nc6 8. Qf3 O-O 9. O-O-O Bd7 10. Nb3 Rc8 11. g4 a6 12. g5 Ne8 13.
Kb1 b5 14. Rg1 f6 15. g6 f5 16. exf5 h6 17. fxe6 Bxe6 18. Bh3 Bxh3 19. Qxh3 Bf6 20. Nd5 Rb8 21. Rge1 Qc8 22. Qxc8 Rxc8 23. Nd4 Bh4 24. Nxc6 Rxc6 25. Re2 a5 26. Bf2 Bd8 27. Bd4 Nf6 28. Bxf6 Bxf6 29. Re6 Bd8 30. a3 Bh4 31. Rd3 Rf5 32. Rb3 Rc5 33. c4 Kf8 34. Rbe3 Kg8 35.
Rxd6 bxc4 36. Ne7+ Bxe7 37. Rxe7 Rxf4 38. Rd8+ Rf8 39. Ree8 Rcf5 40. Kc2 Rf2+ 41. Kc3 1-0